AoeStats
← Chris Becker

Pilgrims

509884117Analyzed
4v4 RM · 4d ago on Sep 28, 2026· 48m 36s· 8 players
Game mode
Random Map
Map size
Large (8 player)
Population
200
Speed
Normal
Resources
Standard
Victory
Conquest
Starting age
Dark Age
Ending age
Imperial Age
RankedLock teamsTeams togetherTeam positionsShared explorationLock speedFull tech treeHidden civsTurbo modeCheats
Victory
Defeat
🇦🇷 Magyars · Argentina
1536
+11
🇭🇰 Spanish · Hong Kong SAR China
1488
+13
🇦🇹 Varangians · Austria
1461
+14
🇨🇳 Mongols · China
1453
+14
🇺🇸 Dravidians · United States
1523
-16
🇩🇪 Magyars · Germany
1521
-16
🇨🇦 Portuguese · Canada
1461
-14
🇺🇸 Mongols · United States
1190
-6
113152737
4:42 Loom
10:36 Feudal Age
11:08 Double-Bit Axe
12:42 Fletching
19:26 Castle Age
17:52 Fishing Lines
20:20 Medium Warships
20:02 Gillnets
20:29 Bodkin Arrow
20:45 Bow Saw
24:30 Padded Archer Armor
24:22 Gold Mining
25:58 Leather Archer Armor
27:42 Wheelbarrow
27:36 Bloodlines
27:27 Husbandry
35:18 Hand Cart
39:23 Imperial Age
41:11 Two-Man Saw
41:33 Ring Archer Armor
41:24 Conscription
41:46 Capped Ram
42:19 Horse Collar
42:41 Siege Ram
43:40 Heavy Plow
43:37 Elite Conquistador
44:40 Redemption
44:50 Sanctity
44:46 Block Printing
44:32 Atonement
44:43 Fervor
44:34 Devotion
44:59 Illumination
45:15 Theocracy
44:37 Herbal Medicine
45:18 Inquisition
46:57 Stone Mining
47:09 Bracer
Lauti
8:32 Loom
10:19 Feudal Age
14:23 Castle Age
12:42 Double-Bit Axe
12:49 Horse Collar
15:20 Bow Saw
17:44 Scale Barding Armor
18:59 Wheelbarrow
20:24 Town Watch
22:04 Chain Barding Armor
23:46 Gold Mining
26:19 Fletching
26:41 Stone Mining
26:38 Elite Skirmisher
27:17 Bodkin Arrow
30:39 Padded Archer Armor
36:10 Hand Cart
38:57 Imperial Age
37:18 Leather Archer Armor
37:17 Heavy Plow
39:41 Thumb Ring
40:22 Ballistics
40:10 Bracer
40:41 Ring Archer Armor
42:24 Two-Man Saw
41:55 Crop Rotation
42:02 Gold Shaft Mining
42:22 Plate Barding Armor
41:54 Cavalier
42:34 Husbandry
43:13 Bloodlines
43:42 Husbandry
45:16 Paladin
DeadlyEfficiency
11:08 Feudal Age
14:46 Castle Age
13:31 Loom
14:10 Double-Bit Axe
14:44 Fletching
16:28 Bodkin Arrow
19:14 Wheelbarrow
20:15 Bow Saw
22:06 Clinker Construction
22:34 Careening
23:22 Ballistics
27:30 Forging
27:56 Medium Warships
41:31 Imperial Age
38:56 Horse Collar
39:51 Siphons
39:56 Gold Mining
41:23 Hand Cart
43:03 Heavy Warships
43:13 Dry Dock
45:05 Carvel Hull
小心,有诈。
7:27 Loom
11:54 Feudal Age
14:23 Double-Bit Axe
14:33 Stone Mining
14:39 Horse Collar
18:02 Castle Age
16:58 Gold Mining
17:01 Fletching
20:54 Town Watch
31:30 Wheelbarrow
32:02 Bodkin Arrow
34:06 Ballistics
33:47 Padded Archer Armor
36:04 Leather Archer Armor
39:50 Imperial Age
38:36 Hand Cart
39:14 Gold Shaft Mining
39:14 Stone Shaft Mining
40:07 Husbandry
40:17 Bloodlines
41:00 Conscription
42:00 Bracer
43:04 Chemistry
43:37 Stone Shaft Mining
43:30 Scale Barding Armor
42:47 Light Cavalry
43:58 Forging
43:38 Hussar
46:01 Elite Mangudai
47:16 Parthian Tactics
47:53 Chain Barding Armor
48:06 Bow Saw
49:48 Iron Casting
sakuzi
10:26 Loom
13:56 Feudal Age
16:50 Fletching
25:00 Castle Age
25:25 Crossbowman
26:11 Thumb Ring
25:38 Crossbowman
26:33 Bodkin Arrow
34:04 Ballistics
brendansexson
10:31 Loom
12:41 Feudal Age
13:12 Double-Bit Axe
13:09 Fishing Lines
17:06 Castle Age
15:05 Town Watch
16:23 Fletching
16:33 Padded Archer Armor
18:26 Wheelbarrow
18:09 Leather Archer Armor
17:52 Bodkin Arrow
18:34 Bow Saw
22:34 Ballistics
22:50 Thumb Ring
24:08 Leather Archer Armor
23:48 Gold Mining
Retired SweatLord
3:30 Loom
10:38 Feudal Age
11:52 Town Watch
14:18 Wheelbarrow
18:51 Castle Age
16:57 Double-Bit Axe
17:58 Fishing Lines
18:46 Fletching
19:58 Bodkin Arrow
21:59 Bow Saw
23:46 Ballistics
23:38 Careening
23:38 Clinker Construction
32:27 Hand Cart
34:55 Imperial Age
35:02 Elite Caravel
35:47 Bracer
37:13 Chemistry
37:28 Caravan
41:36 Siege Engineers
45:58 Carvel Hull
Chris Becker
10:12 Feudal Age
12:40 Fletching
17:29 Castle Age
15:53 Double-Bit Axe
16:30 Stone Mining
16:58 Padded Archer Armor
17:42 Crossbowman
24:27 Gold Mining
28:13 Loom
31:07 Imperial Age
30:28 Bow Saw
30:48 Horse Collar
31:46 Bodkin Arrow
31:39 Elite Skirmisher
38:19 Heavy Plow
40:14 Thumb Ring
41:37 Bracer
42:47 Ballistics
Connection lost

Rejoining the realm…

Still unreachable

The connection could not be restored.

Session expired

The server has moved on; the page needs a fresh start.